 Dungeon Crawl Stone Soup version 0.29.1-4-g47bece8355 (webtiles) character file.

Game seed: 6407780108074061749

35 H0rd4k the Charlatan (level 3, -1/24 HPs)
             Began as an Octopode Artificer on Dec 5, 2022.
             Slain by a worm (6 damage)
             ... on level 2 of the Dungeon.
             The game lasted 00:01:07 (1633 turns).

H0rd4k the Charlatan (Octopode Artificer)           Turns: 1633, Time: 00:01:08

Health: -1/24      AC:  1    Str: 11    XL:     3   Next: 33%
Magic:  5/5        EV: 13    Int: 15    God:
Gold:   92         SH:  0    Dex: 12    Spells: 5/5 levels left

rFire   . . .      SeeInvis .   (no weapon)
rCold   . . .      Faith    .   (no shield)
rNeg    . . .      Spirit   .   (helmet restricted)
rPois   .          Reflect  .   (no amulet)
rElec   .          Harm     .   (no ring)
rCorr   .          Rampage  .   (no ring)
Will    .....                   (no ring)
Stlth   +++.......              (no ring)
HPRegen 0.08/turn               (no ring)
MPRegen 0.09/turn               (no ring)
                                (no ring)
                                (no ring)

@: no status effects
A: almost no armour, amphibious, 8 rings, camouflage 1, gelatinous body 1,
(nimble swimmer 1), tentacles
a: no special abilities


You were on level 2 of the Dungeon.
You visited 1 branch of the dungeon, and saw 2 of its levels.

You collected 92 gold pieces.

Inventory:

Jewellery
 i - a ring of resist corrosion
Wands
 b - a wand of flame (15) (quivered)
 c - a wand of charming (13)
 d - a wand of iceblast (5)
Scrolls
 e - a scroll of identify {unknown}
 g - a scroll of vulnerability {unknown}
Potions
 a - a potion of attraction {unknown}
 f - 2 potions of curing {unknown}
 h - a potion of ambrosia {unknown}
 j - a potion of brilliance {unknown}


   Skills:
 * Level 2.0 Fighting
 - Level 2.3 Dodging
 - Level 1.3 Stealth
 + Level 0.9 Unarmed Combat
 * Level 1.6 Spellcasting
 - Level 3.2 Evocations


You had 5 spell levels left.
You didn't know any spells.
Your spell library contained the following spells:

 Spells                   Type           Power      Damage    Failure   Level
 Frozen Ramparts          Ice            2%         1d1       56%         3
 Cause Fear               Hex            0%         N/A       93%         4
 Ice Form                 Ice/Tmut       1%         N/A       93%         4
 Summon Ice Beast         Ice/Summ       1%         N/A       93%         4
 Dragon Form              Tmut           0%         N/A       100%        7
 Dragon's Call            Summ           0%         N/A       100%        9


Dungeon Overview and Level Annotations

Branches:
Dungeon (2/15)

Altars:

Shops:
D:1 =


Innate Abilities, Weirdness & Mutations

You cannot wear most types of armour.
You are amphibious.
You can wear up to eight rings at the same time.
Your skin changes colour to match your surroundings (Stealth+).
Your rubbery body absorbs attacks. (AC +1, EV +1)
((You are camouflaged when in or above water. (Stealth+)))
You have tentacles for arms and can constrict up to eight enemies at once.


Message History

Things that are here:
a +0 club; a stone A sourceless malevolence fills the Dungeon... and a teleportation trap spontaneously manifests!
You are yanked towards some nearby monsters!
Your surroundings suddenly seem different. 3 worms come into view.
Found 11 gold pieces.
There are monsters nearby!
There are monsters nearby!
Found a ring mail.
Found a stone staircase leading down.
An adder comes into view.
The worm bites you!
Aiming: Charm
Press: ? - help, Shift-Dir - straight line, f - worm
Aim: a worm (chance to affect: 66%)
The worm is charmed.
Unknown command.
What are your orders? t - Shout!
Orders for allies: a - Attack new target. p - Attack previous target. r - Retreat! s - Stop attacking. g - Guard the area. f - Follow me.
Anything else - Cancel.
Guard this area!
Your worm bites the worm!
The worm bites your worm!
A worm is nearby!
A worm is nearby!
You barely miss the worm. You grab the worm.
You squeeze the worm, but do no damage. You constrict the worm.
You tentacle-slap the worm but do no damage.
The worm is lightly wounded.
You constrict the worm. The worm bites you!
* * * LOW HITPOINT WARNING * * *
You tentacle-slap the worm.
The worm is moderately wounded.
You constrict the worm. You tentacle-slap the worm.
The worm is heavily wounded.
You constrict the worm. The worm bites you.
You die...

##....^##
######..#####
.........ww..#
####..######.#
#.. #.# ## #.#
#.# #w# #@#
#.# #.# ###
#.# .# #.# #..
#.#..# #.#
#.###
#.#..###.#
#.#..
#.#......#.#
#.#.#
#.#......#.#
###.#.#
#......#+#.#


You could see a worm.

Vanquished Creatures
  A dart slug (D:1)
  2 ball pythons (D:1)
  An endoplasm (D:1)
  A giant cockroach (D:1)
  2 goblins (D:1)
  4 hobgoblins (D:1)
  5 jackals (D:1)
  3 kobolds
  A quokka (D:2)
  3 bats (D:1)
  2 frilled lizards (D:1)
  5 rats
30 creatures vanquished.

Vanquished Creatures (others)
  A worm (D:2)
1 creature vanquished.

Grand Total: 31 creatures vanquished

Notes
Turn   | Place    | Note
-------+----------+-------------------------------------------
     0 | D:1      | H0rd4k the Octopode Artificer began the quest for the Orb.
     0 | D:1      | Reached XP level 1. HP: 13/13 MP: 1/1
   313 | D:1      | Reached XP level 2. HP: 15/18 MP: 3/3
   442 | D:1      | Reached skill level 1 in Spellcasting
  1042 | D:1      | Found Viethruo's Jewellery Boutique.
  1104 | D:1      | Reached XP level 3. HP: 24/24 MP: 5/5
  1633 | D:2      | Slain by a worm

Illustrated notes

Levels and vault maps discovered:
D:1:      minmay_arrival_shattered_statue, layout_basic, serial_shops,
          shop_statue
D:2:      layout_basic, serial_shops, shop_statue,
          hellmonk_ecumenical_altar_blasted, nicolae_wormholes, uniq_terence,
          uniq_crazy_yiuf_cottage

Skill      XL: |  1  2  3 |
---------------+----------+-----
Spellcasting   | 1 |  1.6
Fighting       | 2 |  2.0
Dodging        | |  2.3
Stealth        | |  1.3
Unarmed Combat | |  0.9
Evocations     | |  3.2

Action                   || total
-------------------------++-------
Melee: Unarmed           ||    78
       Constrict         ||    25
       Tentacles         ||    21
       Punch             ||     1
Evoke: Wand              ||     2
 Stab: Sleeping          ||     6
Armor: Skin              ||     1
Dodge: Dodged            ||    52
